 Dungeon Crawl Stone Soup version 0.31-a0-844-gdc52ec4e09 (webtiles) character file.

Game seed: 1806780844118482684

60 JackS81 the Grave Robber (level 3, -3/24 HPs)
             Began as a Demonspawn Necromancer on Sept 29, 2023.
             Slain by a gnoll
             ... wielding a +0 rapier
              (5 damage)
             ... on level 2 of the Dungeon.
             The game lasted 00:06:56 (1597 turns).

JackS81 the Grave Robber (Demonspawn Necromancer)   Turns: 1597, Time: 00:06:56

Health: -3/24      AC:  2    Str:  8    XL:     3   Next: 80%
Magic:  0/6        EV: 12    Int: 18    God:
Gold:   66         SH:  0    Dex: 13    Spells: 3/7 levels left

rFire   . . .        g - +0 whip
rCold   . . .        (no shield)
rNeg    . . .        a - +0 robe
rPois   .            (helmet restricted)
rElec   .            (no cloak)
rCorr   .            (no gloves)
SInv    .            (no boots)
Will    .....        h - amulet of regeneration
Stlth   ++           (no ring)
HPRegen 1.04/turn    (no ring)
MPRegen 0.10/turn

%: no passive effects
@: no status effects
A: antennae 2
a: no special abilities


You were on level 2 of the Dungeon.
You visited 1 branch of the dungeon, and saw 2 of its levels.

You collected 66 gold pieces.

Inventory:

Hand Weapons
 d - a +0 dagger
 g - a +0 whip (weapon)
 n - a +0 sling
Missiles
 e - 8 stones
 j - 2 atropa-tipped darts
Armour
 a - a +0 robe (worn)
Jewellery
 h - an amulet of regeneration (around neck)
Scrolls
 c - a scroll of identify {unknown}
 i - a scroll of amnesia {unknown}
 k - a scroll of enchant armour {unknown}
 l - a scroll of teleportation
 m - a scroll of revelation {unknown}
 o - a scroll of vulnerability
Potions
 b - a potion of magic


   Skills:
 + Level 0.9 Maces & Flails
 - Level 1.7 Dodging
 - Level 1.7 Stealth
 * Level 2.6 Spellcasting
 * Level 5.4 Necromancy


You had 3 spell levels left.
You knew the following spells:

 Your Spells              Type           Power      Damage    Failure   Level
a - Necrotise             Necr           84%        1d8       1%          1
b - Vampiric Draining     Necr           21%        2d7       5%          3

Your spell library contained the following spells:

 Spells                   Type           Power      Damage    Failure   Level
 Inner Flame              Hex/Fire       2%         N/A       45%         3
 Animate Dead             Necr           21%        N/A       19%         4
 Agony                    Necr           21%        N/A       45%         5
 Flame Wave               Conj/Fire      2%         2d4       86%         4
 Sticky Flame             Conj/Fire      2%         2d3       86%         4


Dungeon Overview and Level Annotations

Branches:
Dungeon (2/15)

Altars:


Innate Abilities, Weirdness & Mutations

You have a pair of antennae on your head.


Message History

The gnoll writhes in agony.
Casting: Necrotise (safe; 1% risk of failure)
Confirm with . or Enter, or press ? or * to list all spells.
Aiming: Necrotise (safe; 1% risk of failure)
Press: ? - help, Shift-Dir - straight line, f/p - gnoll
Aim: a gnoll, wielding a +0 club (severely wounded, chance to affect: 85%)
The gnoll barely resists.
The gnoll hits you with a +0 club.
Casting: Necrotise (safe; 1% risk of failure)
Confirm with . or Enter, or press ? or * to list all spells.
Aiming: Necrotise (safe; 1% risk of failure)
Press: ? - help, Shift-Dir - straight line, f/p - gnoll
Aim: a gnoll, wielding a +0 club (severely wounded, chance to affect: 85%)
The gnoll writhes in agony.
You kill the gnoll!
The dead are walking!
The gnoll hits your gnoll skeleton with a +0 rapier.
The gnoll hits your gnoll skeleton with a +0 rapier.
You see here a +0 club.
Your gnoll skeleton closely misses the gnoll.
The gnoll hits your gnoll skeleton with a +0 rapier.
Your gnoll skeleton is destroyed!
You barely miss the gnoll. The gnoll barely misses you.
You closely miss the gnoll. The gnoll hits you with a +0 rapier!
Casting: Necrotise (safe; 1% risk of failure)
Confirm with . or Enter, or press ? or * to list all spells.
Aiming: Necrotise (safe; 1% risk of failure)
Press: ? - help, Shift-Dir - straight line, f - gnoll
Aim: a gnoll, wielding a +0 rapier (chance to affect: 85%)
The gnoll barely resists.
The gnoll closely misses you.
You hit the gnoll but do no damage. The gnoll hits you with a +0 rapier.
You hit the gnoll but do no damage. The gnoll hits you with a +0 rapier!
You hit the gnoll.
The gnoll is lightly wounded.
The gnoll closely misses you.
You hit the gnoll.
The gnoll is lightly wounded.
The gnoll hits you with a +0 rapier!
* * * LOW HITPOINT WARNING * * *
The gnoll attacks as it pursues you! The gnoll hits you with a +0 rapier.
You die...

..#### ...... ...# .# ...#
.# ...# .## # ...# .. .. .
..$... #.# .# .# ...###
#.#.######.##.# .#.# #.#
#.....g@......#
....##.###.#.#####.....###
.#.###.. .................
.#.###.# #.#.#####..##.#.#
.....#.###.#..............
...............####.##...#
.......###............ ...
.......................#.#
###################......#


You could see a gnoll.

Vanquished Creatures
  2 gnolls (D:2)
  A worm (D:2)
  A dart slug (D:2)
  A bat (D:1)
  3 endoplasms
  3 giant cockroaches
  5 goblins
  4 hobgoblins
  A quokka (D:2)
  A ball python (D:1)
  A frilled lizard (D:1)
  4 kobolds
  4 rats
31 creatures vanquished.

Vanquished Creatures (collateral kills)
  A goblin (D:1)
1 creature vanquished.

Grand Total: 32 creatures vanquished

Notes
Turn   | Place    | Note
-------+----------+-------------------------------------------
     0 | D:1      | JackS81 the Demonspawn Necromancer began the quest for the
                  | Orb.
     0 | D:1      | Reached XP level 1. HP: 13/13 MP: 3/3
   344 | D:1      | Found a faded altar of an unknown god.
   365 | D:1      | Gained mutation: You have a pair of small antennae on your
                  | head. [demonic ancestry]
   365 | D:1      | Reached XP level 2. HP: 19/19 MP: 3/5
   707 | D:1      | Reached skill level 5 in Necromancy
  1334 | D:2      | Gained mutation: You have a pair of antennae on your head.
                  | [demonic ancestry]
  1334 | D:2      | Reached XP level 3. HP: 24/24 MP: 4/6
  1349 | D:2      | Learned a level 3 spell: Vampiric Draining
  1596 | D:2      | HP: 1/24 [gnoll/+0 rapier (11)]
  1597 | D:2      | Slain by a gnoll

Illustrated notes

Levels and vault maps discovered:
D:1:      sevenhm_arrival_forest_fort_large_4, layout_loops_corners,
          hellmonk_ecumenical_altar_zigzags, chequers_mini_garden,
          minmay_misc_feat_x, chequers_serial_rivers_small_b,
          kennysheep_flooded_box
D:2:      layout_basic, serial_bayou_lake_a

Skill      XL: |  1  2 |
---------------+-------+-----
Necromancy     | 5 |  5.4
Maces & Flails | |  0.9
Dodging        | |  1.7
Stealth        | |  1.7
Spellcasting   | |  2.6

Action                     || total
---------------------------++-------
  Melee: Unarmed           ||     6
         Whip              ||    46
         Punch             ||     1
   Cast: Necrotise         ||    51
    Use: Scroll            ||     3
         Potion            ||     1
   Stab: Distracted        ||     1
 Armour: Robe              ||    29
  Dodge: Dodged            ||    35

Table legend: (Time is in decaauts)
 A = Elapsed time spent in this place.
 B = Non-inter-level travel time spent in this place.
 C = Inter-level travel time spent in this place.
 D = Time resting spent in this place.
 E = Time spent auto-exploring this place.
 F = Levels seen in this place.
 G = Mean time per level.
                   A        B        C        D        E       F      G
               +--------+--------+--------+--------+--------+-----+--------+
         Total |   1601 |   1493 |    108 |     48 |   1142 |   2 |  800.5 |
       Dungeon |   1601 |   1493 |    108 |     48 |   1142 |   2 |  800.5 |
               +--------+--------+--------+--------+--------+-----+--------+

Top non-repeatable levels by time:
     D:1: 1134 daAuts
     D:2: 467 daAuts
